 Dungeon Crawl Stone Soup version 0.29-a0-270-g1586fc07ea (webtiles) character file.

Game seed: 9192408602619169980

10336 testman the Reanimator (level 11, -7/89 HPs)
             Began as a Demonspawn Necromancer on Mar 7, 2022.
             Was a High Priest of Okawaru.
             Mangled by a cyclops (12 damage)
             ... on level 11 of the Dungeon.
             The game lasted 00:53:56 (14175 turns).

testman the Reanimator (Demonspawn Necromancer)    Turns: 14175, Time: 00:53:56

Health: -7/89      AC: 15    Str: 20    XL:     11   Next: 34%
Magic:  2/17       EV: 11    Int: 22    God:    Okawaru [*****.]
Gold:   522        SH:  0    Dex: 13    Spells: 5/18 levels left

rFire   + . .      SeeInvis .   t - +0 war axe (vorpal)
rCold   . . .      Faith    +   (no shield)
rNeg    . . .      Spirit   .   d - +3 ring mail {rF+}
rPois   .          Reflect  .   (helmet unavailable)
rElec   .          Harm     .   (no cloak)
rCorr   .          Rampage  .   L - +2 pair of gloves
Will    .....                   (no boots)
Stlth   +.........              N - amulet of faith
HPRegen 0.24/turn               h - +6 ring of strength
MPRegen 0.15/turn               y - +6 ring of strength

@: no status effects
A: horns 3, spiny 1, sharp scales 3, bedeviling
a: Renounce Religion, Heroism, Finesse, Duel


You were on level 11 of the Dungeon.
You worshipped Okawaru.
Okawaru was extremely pleased with you.
You visited 2 branches of the dungeon, and saw 13 of its levels.

You collected 719 gold pieces.
You spent 197 gold pieces at shops.

Inventory:

Hand Weapons
 t - a +0 vorpal war axe (weapon)
 W - a +2 battleaxe
Missiles
 c - 195 stones
 n - 8 poisoned darts
 s - 4 datura-tipped darts
 F - 2 javelins
 O - 12 boomerangs
 U - a curare-tipped dart
 V - 11 atropa-tipped darts
Armour
 d - a +3 ring mail of fire resistance (worn)
 C - a +2 robe of cold resistance
 L - a +2 pair of gloves (worn)
Jewellery
 a - a ring of magical power
 e - a ring of willpower
 h - a +6 ring of strength (left hand)
 o - a ring of see invisible
 y - a +6 ring of strength (right hand)
 G - a ring of magical power
 K - an amulet of guardian spirit
 M - a ring of fire
 N - an amulet of faith (around neck)
Wands
 u - a wand of polymorph (9)
 z - a wand of iceblast (5)
 I - a wand of flame (19)
 R - a wand of mindburst (3)
 S - a wand of acid (3)
Scrolls
 k - 3 scrolls of immolation
 l - 4 scrolls of fear
 v - 3 scrolls of magic mapping
 w - a scroll of torment
 B - 4 scrolls of teleportation
 J - a scroll of noise
 T - a scroll of silence
 Y - a scroll of blinking
Potions
 b - a potion of magic
 f - a potion of brilliance {unknown}
 g - 2 potions of curing
 i - 4 potions of attraction
 j - a potion of heal wounds {unknown}
 p - a potion of invisibility {unknown}
 r - 3 potions of lignification
 D - a potion of cancellation {unknown}
 H - a potion of mutation {unknown}
 P - 2 potions of berserk rage
 X - a potion of might
Miscellaneous
 x - a lightning rod (4/4)


   Skills:
 + Level 9.4 Fighting
 + Level 8.2 Axes
 - Level 4.3 Armour
 - Level 2.0 Dodging
 - Level 1.7 Stealth
 - Level 4.0 Spellcasting
 - Level 10.1 Necromancy
 + Level 8.8 Invocations


You had 5 spell levels left.
You knew the following spells:

 Your Spells              Type           Power      Damage    Failure   Level
a - Pain                  Necr           100%       1d9       1%          1
b - Vampiric Draining     Necr           49%        2d9       1%          3
c - Animate Dead          Necr           24%        N/A       2%          4
d - Agony                 Necr           49%        N/A       8%          5

Your spell library contained the following spells:

 Spells                   Type           Power      Damage    Failure   Level
 Conjure Flame            Conj/Fire      4%         6-21      47%         3
 Ignite Poison            Fire/Tmut/Pois 4%         N/A       47%         3
 Mephitic Cloud           Conj/Pois/Air  4%         N/A       47%         3
 Ozocubu's Armour         Ice            4%         N/A       47%         3
 Stone Arrow              Conj/Erth      8%         3d7       47%         3
 Sticky Flame             Conj/Fire      4%         2d3       87%         4
 Freezing Cloud           Conj/Ice/Air   2%         6-21      99%         5
 Ozocubu's Refrigeration  Ice            2%         4d5       100%        7
 Lehudib's Crystal Spear  Conj/Erth      2%         10d2      100%        8
 Animate Skeleton         Necr           Unusable   N/A       N/A         1
 Animate Armour           Summ/Erth      Unusable   N/A       N/A         4
 Haunt                    Necr/Summ      Unusable   N/A       N/A         7
 Infestation              Necr           Unusable   N/A       N/A         8

Dungeon Overview and Level Annotations

Branches:
Dungeon (12/15)            Temple (1/1) D:7            Lair (0/6) D:9
    Orc (0/2) D:11

Altars:
Ashenzari
Cheibriados
Dithmenos
Elyvilon
Fedhas
Gozag
Hepliaklqana
Kikubaaqudgha
Makhleb
Nemelex Xobeh
Okawaru
Qazlal
Ru
Sif Muna
Trog
Uskayaw
Vehumet
Wu Jian
Xom
Yredelemnul
Zin
The Shining One
Beogh

Shops:
D:2 *   D:3 (   D:10 ?

Annotations:
D:10 2 transporters, exclusion: ice statue, sokol815's ghost, journeyman KoBr


Innate Abilities, Weirdness & Mutations

You have a pair of large horns on your head.
You are partially covered in sharp spines.
You are completely covered in razor-sharp scales. (AC +3, Slay +3)
Your hexes are more powerful.


Message History

Casting: Pain (safe; 1% risk of failure)
Confirm with . or Enter, or press ? or * to list all spells.
Aiming: Vampiric Draining (safe; 1% risk of failure)
Press: ? - help, Shift-Dir - straight line, f/p - cyclops
Aim: a cyclops, quivering large rocks (lightly wounded)
You draw life force from the cyclops.
You feel life coursing into your body.
Casting: Vampiric Draining (safe; 1% risk of failure)
Confirm with . or Enter, or press ? or * to list all spells.
Aiming: Vampiric Draining (safe; 1% risk of failure)
Press: ? - help, Shift-Dir - straight line, f/p - cyclops
Aim: a cyclops, quivering large rocks (lightly wounded)
You draw life force from the cyclops!
You feel life coursing into your body. The cyclops hits you!
* * * LOW HITPOINT WARNING * * *
Casting: Vampiric Draining (safe; 1% risk of failure)
Confirm with . or Enter, or press ? or * to list all spells.
Aiming: Vampiric Draining (safe; 1% risk of failure)
Press: ? - help, Shift-Dir - straight line, f/p - cyclops
Aim: a cyclops, quivering large rocks (moderately wounded)
You draw life force from the cyclops!
You feel life coursing into your body. The cyclops hits you!
* * * LOW HITPOINT WARNING * * *
Casting: Vampiric Draining (safe; 1% risk of failure)
Confirm with . or Enter, or press ? or * to list all spells.
Aiming: Vampiric Draining (safe; 1% risk of failure)
Press: ? - help, Shift-Dir - straight line, f/p - cyclops
Aim: a cyclops, quivering large rocks (heavily wounded)
You draw life force from the cyclops.
You feel life coursing into your body. The cyclops is struck by your spines.
The cyclops hits you.
* * * LOW HITPOINT WARNING * * *
Casting: Vampiric Draining (safe; 1% risk of failure)
Confirm with . or Enter, or press ? or * to list all spells.
Aiming: Vampiric Draining (safe; 1% risk of failure)
Press: ? - help, Shift-Dir - straight line, f/p - cyclops
Aim: a cyclops, quivering large rocks (severely wounded)
You draw life force from the cyclops.
You feel life coursing into your body.
You barely miss the cyclops.
The cyclops is almost dead.
The cyclops hits you!
You die...

#### ##..# ##
#.### #.# #
#..###
###..##...
.....#
#..C......
.##### ##.@...#
.# ##..#####
.#########
##..##
.........###..##
...###.......##
#### ###.....#
##...## ##..#
#### ####


You could see a cyclops.

Vanquished Creatures
  A centaur warrior (D:10)
  2 two-headed ogres
  A death knight (D:12)
  A kobold demonologist (D:10)
  4 trolls
  Prince Ribbit (D:6)
  2 hornets
  A shadow (D:8)
  A vampire (D:9)
  3 vampire mosquitoes (D:12)
  A wraith (D:10)
  Grum (D:9)
  3 wargs (D:9)
  5 water moccasins
  8 orc warriors
  A sky beast (D:5)
  3 black bears
  An ice beast (D:5)
  4 wolves (D:9)
  4 centaurs
  A phantom (D:4)
  2 kobold brigands
  Blork the orc (D:5)
  A gnoll sergeant (D:9)
  2 bullfrogs
  A scorpion (D:6)
  14 wights
  2 howler monkeys
  2 hounds
  A jelly (D:8)
  2 gnoll shamans (D:8)
  11 orc priests
  Jessica (D:2)
  Natasha (thrice) (D:4)
  5 iguanas
  12 orc wizards
  16 gnolls
  4 adders
  A shadow imp (D:6)
  A white imp (D:8)
  An ufetubus (D:6)
  4 dart slugs
  79 orcs
  5 bats
  10 endoplasms
  A giant cockroach (D:3)
  9 goblins
  6 hobgoblins
  2 jackals (D:2)
  15 kobolds
  3 quokkas
  10 ball pythons
  7 frilled lizards
  6 rats
289 creatures vanquished.

Notes
Turn   | Place    | Note
-------+----------+-------------------------------------------
     0 | D:1      | testman the Demonspawn Necromancer began the quest for the
                  | Orb.
     0 | D:1      | Reached XP level 1. HP: 13/13 MP: 3/3
   303 | D:1      | Gained mutation: You are partially covered in razor-sharp
                  | scales. (AC +1, Slay +1) [demonic ancestry]
   303 | D:1      | Reached XP level 2. HP: 14/19 MP: 0/5
   515 | D:1      | Found a faded altar of an unknown god.
  1173 | D:1      | Reached skill level 5 in Necromancy
  1173 | D:1      | Gained mutation: You have a pair of small horns on your
                  | head. [demonic ancestry]
  1173 | D:1      | Reached XP level 3. HP: 16/24 MP: 0/7
  1611 | D:2      | Found a bloodstained altar of Trog.
  1613 | D:2      | Found Wovo Tio's Assorted Antiques.
  1650 | D:2      | Learned a level 3 spell: Vampiric Draining
  2210 | D:2      | Gained mutation: You are partially covered in sharp spines.
                  | [demonic ancestry]
  2210 | D:2      | Reached XP level 4. HP: 29/30 MP: 6/8
  2254 | D:2      | Noticed Jessica
  2256 | D:2      | Killed Jessica
  2755 | D:3      | Found Ehikej's Antique Weapon Shop.
  2853 | D:3      | Gained mutation: You are mostly covered in razor-sharp
                  | scales. (AC +2, Slay +2) [demonic ancestry]
  2853 | D:3      | Reached XP level 5. HP: 35/35 MP: 8/10
  2873 | D:3      | Learned a level 4 spell: Animate Dead
  3100 | D:3      | Reached skill level 6 in Necromancy
  3433 | D:4      | Noticed Natasha
  3563 | D:3      | Reached skill level 1 in Fighting
  3657 | D:4      | Killed Natasha
  3687 | D:4      | Gained mutation: You have a pair of horns on your head.
                  | [demonic ancestry]
  3687 | D:4      | Reached XP level 6. HP: 43/43 MP: 9/12
  3693 | D:4      | Noticed Natasha
  3698 | D:4      | Killed Natasha
  3905 | D:4      | Noticed Natasha
  3993 | D:4      | Killed Natasha
  4095 | D:4      | Learned a level 5 spell: Agony
  4193 | D:5      | Entered Level 5 of the Dungeon
  4202 | D:5      | Reached skill level 7 in Necromancy
  4207 | D:5      | Reached skill level 1 in Axes
  4478 | D:5      | Noticed a water moccasin
  4484 | D:5      | Killed a water moccasin
  4485 | D:5      | Gained mutation: You are completely covered in razor-sharp
                  | scales. (AC +3, Slay +3) [demonic ancestry]
  4485 | D:5      | Reached XP level 7. HP: 49/52 MP: 9/13
  5178 | D:5      | Reached skill level 8 in Necromancy
  5178 | D:5      | Reached XP level 8. HP: 50/61 MP: 11/14
  5425 | D:5      | Noticed Blork the orc
  5432 | D:5      | Killed Blork the orc
  5727 | D:6      | Noticed Prince Ribbit
  5740 | D:6      | Killed Prince Ribbit
  5741 | D:6      | Reached skill level 5 in Fighting
  6290 | D:7      | Reached skill level 9 in Necromancy
  6885 | D:7      | Reached XP level 9. HP: 68/69 MP: 15/15
  7116 | D:7      | Reached skill level 5 in Axes
  7387 | D:7      | Found a staircase to the Ecumenical Temple.
  7397 | Temple   | Entered the Ecumenical Temple
  7477 | Temple   | Became a worshipper of Warmaster Okawaru
  7490 | D:7      | Noticed a two-headed ogre
  7504 | D:7      | Killed a two-headed ogre
  7506 | D:7      | Reached * piety under Okawaru
  7854 | D:7      | Found an ancient bone altar of Kikubaaqudgha.
  8425 | D:8      | Noticed a troll
  8433 | D:8      | Killed a troll
  8434 | D:8      | Reached skill level 10 in Necromancy
  9072 | D:8      | Reached ** piety under Okawaru
  9359 | D:8      | Reached skill level 1 in Armour
  9359 | D:8      | Gained mutation: You have a pair of large horns on your
                  | head. [demonic ancestry]
  9359 | D:8      | Reached XP level 10. HP: 33/79 MP: 13/16
  9648 | D:9      | Found a staircase to the Lair.
  9655 | D:9      | Reached skill level 5 in Invocations
  9851 | D:9      | Reached *** piety under Okawaru
 11265 | D:9      | Noticed Grum
 11273 | D:9      | Killed Grum
 11279 | D:9      | Reached **** piety under Okawaru
 11632 | D:10     | Entered Level 10 of the Dungeon
 11658 | D:10     | Received a gift from Okawaru
 12127 | D:10     | HP: 3/78 [troll (5)]
 12134 | D:10     | Gained mutation: Your hexes are more powerful. [demonic
                  | ancestry]
 12134 | D:10     | Reached XP level 11. HP: 28/87 MP: 17/17
 12282 | D:10     | Noticed a two-headed ogre
 12284 | D:10     | Noticed a fire crab
 12284 | D:10     | Noticed a two-headed ogre
 12284 | D:10     | a fire crab changed into a raiju
 12286 | D:10     | Noticed sokol815's ghost (journeyman KoBr)
 12287 | D:10     | Noticed a boulder beetle
 12291 | D:10     | Found a transporter.
 12292 | D:10     | Found a transporter.
 12326 | D:10     | Found Guleink's Magic Scroll Shoppe.
 12337 | D:10     | Bought a scroll of identify for 22 gold pieces
 12337 | D:10     | Bought a scroll of blinking for 82 gold pieces
 12337 | D:10     | Bought a scroll of fear for 38 gold pieces
 12337 | D:10     | Bought a scroll of identify for 22 gold pieces
 12337 | D:10     | Bought a scroll of teleportation for 33 gold pieces
 12409 | D:10     | Noticed a centaur warrior
 12470 | D:10     | Noticed a mana viper
 12470 | D:10     | a spriggan changed into a mana viper
 12472 | D:10     | a mana viper changed into a moth of wrath
 12538 | D:10     | Noticed a glowing orange brain
 12676 | D:10     | Killed a centaur warrior
 13114 | D:11     | Found a staircase to the Orcish Mines.
 13468 | D:11     | Reached ***** piety under Okawaru
 13658 | D:12     | Noticed a death knight
 13668 | D:12     | Killed a death knight
 13668 | D:12     | Received a gift from Okawaru
 13889 | D:12     | Noticed a white ugly thing
 13917 | D:11     | Noticed a two-headed ogre
 13921 | D:11     | Killed a two-headed ogre
 14172 | D:11     | HP: 3/89 [cyclops (17)]
 14175 | D:11     | Mangled by a cyclops

Illustrated notes

Levels and vault maps discovered:
D:1:      arrival_zaba_pyramid, layout_basic, chequers_ecumenical_altar_island
D:2:      layout_basic, serial_shops, shop, basic_altar, uniq_jessica
D:3:      layout_loops_ring, serial_shops, shop_fountains, serial_bayou_pond_e,
          small_statue_intersection
D:4:      layout_gridville, corexii_item_surrounded_by_moat, uniq_natasha
D:5:      layout_layer_cave, uniq_blork_the_orc
D:6:      layout_cave_pools, corexii_shack, uniq_prince_ribbit1
D:7:      layout_basic, kennysheep_little_box, minmay_temple_entry_proselytizer
D:8:      layout_basic, minmay_puff
D:9:      layout_roguey, erik_lair_orcish_takeover, special_room
          [special_room_orc], uniq_grum
D:10:     layout_loops_ring, serial_shops, nicolae_square_shop,
          nzn_ghost_randoct
D:11:     layout_layer_cave, hiddenorc2_lemuel, serial_shops,
          nicolae_shop_overgrown_old_shop, grunt_dithmenos_smoke, uniq_nergalle
D:12:     layout_basic
Temple:   dpeg_three_leaves_temple

Skill      XL: |  1  2  3  4  5  6  7  8  9 10 11 |
---------------+----------------------------------+-----
Necromancy     | 5 6 7 8 9 10 | 10.1
Spellcasting   | 3 4 |  4.0
Fighting       | 1 3 4 6 7 8 9 |  9.4
Axes           | 1 3 4 6 7 8 |  8.2
Invocations    | 4 7 8 |  8.8
Dodging        | 2 |  2.0
Armour         | 1 4 |  4.3
Stealth        | |  1.7

Action                   |  1- 3 |  4- 6 |  7- 9 | 10-12 || total
-------------------------+-------+-------+-------+-------++-------
Melee: Hand axe          |    31 |    28 |       |       ||    59
       Headbutt          |       |     3 |    25 |    45 ||    73
       War axe           |       |    21 |   133 |   212 ||   366
       Punch             |       |       |     4 |     2 ||     6
 Cast: Pain              |    59 |    41 |    56 |    15 ||   171
       Vampiric Draining |     2 |     9 |     7 |    28 ||    46
Invok: Heroism           |       |       |       |     4 ||     4
  Use: Scroll            |       |       |       |    16 ||    16
       Potion            |       |       |       |     2 ||     2
 Stab: Sleeping          |     6 |     1 |     1 |     1 ||     9
       Distracted        |       |       |       |     1 ||     1
Armor: Robe              |     4 |    11 |    56 |   100 ||   171
Dodge: Dodged            |    16 |    29 |    85 |   184 ||   314

Table legend: (Time is in decaauts)
 A = Elapsed time spent in this place.
 B = Non-inter-level travel time spent in this place.
 C = Inter-level travel time spent in this place.
 D = Time resting spent in this place.
 E = Time spent auto-exploring this place.
 F = Levels seen in this place.
 G = Mean time per level.
                   A        B        C        D        E       F      G
               +--------+--------+--------+--------+--------+-----+--------+
         Total |  14286 |  13917 |    369 |   4985 |   7131 |  13 | 1098.9 |
       Dungeon |  14199 |  13840 |    359 |   4985 |   7076 |  12 | 1183.2 |
        Temple |     86 |     76 |     10 |      0 |     55 |   1 |   86.0 |
               +--------+--------+--------+--------+--------+-----+--------+

Top non-repeatable levels by time:
     D:9: 2398 daAuts
     D:8: 1631 daAuts
     D:1: 1591 daAuts
     D:7: 1586 daAuts
     D:5: 1410 daAuts
     D:3: 1180 daAuts
    D:10: 1167 daAuts
     D:2: 896 daAuts
    D:11: 758 daAuts
     D:6: 688 daAuts
     D:4: 560 daAuts
    D:12: 330 daAuts
  Temple: 86 daAuts
